[ AOE2 MATCH · #495831353 ]
UnrankedPortuguese vs Italians
Player's team · LOSS
Rival team · WIN
[ REPLAY ANALYSIS · EXTRACTED FROM THE RECORDED GAME ]
Feudal
12:05
Castle
18:56
Imperial
37:32
| APM avg | 57.9 |
| APM peak | 107 |
| eAPM avg | 29.0 |
| Villagers / military | 209 / 580 |
Focus
⚔️ 54.4% · 🌾 45.6%
Archer ×485 · Skirmisher ×65 · Bombard Cannon ×18 · Organ Gun ×7 · Mangonel ×3 · Trebuchet (Packed) ×2
Feudal
8:55
Castle
19:56
Imperial
36:58
| APM avg | 59.6 |
| APM peak | 122 |
| eAPM avg | 33.3 |
| Villagers / military | 243 / 598 |
Focus
⚔️ 46.2% · 🌾 53.8%
Skirmisher ×353 · Archer ×120 · Scout Cavalry ×66 · Knight ×22 · Trebuchet (Packed) ×12 · Bombard Cannon ×8
Match map
Initial resources + every placement click. Lines = walls · curves = elevation contours. ◆ gold · ⬟ stone · ● berries · ✦ relic · ◌ wall gap
Your base· ✓ Closed at 18:56 · 58t walls · 2 gate(s)
Kaydos's base· Open — opponent sealed themselves in
Smoothed initial terrain · ◌ = detected wall gap · hover for details
Inputs per minute
— Pato Lucas - - Kaydos
Build order — Pato Lucas
First 150 of 1022 actions detected
| 0:00 | Create | Villager (Male) |
| 0:00 | Create | Villager (Male) |
| 0:01 | Create | Villager (Male) |
| 0:01 | Create | Villager (Male) |
| 0:01 | Create | Villager (Male) |
| 0:01 | Create | Villager (Male) |
| 0:02 | Build | House |
| 0:04 | Build | House |
| 1:01 | Build | Mill |
| 1:28 | Create | Villager (Male) |
| 1:28 | Create | Villager (Male) |
| 1:58 | Create | Villager (Male) |
| 1:58 | Create | Villager (Male) |
| 1:59 | Create | Villager (Male) |
| 2:23 | Create | Villager (Male) |
| 2:23 | Create | Villager (Male) |
| 2:40 | Create | Villager (Male) |
| 3:19 | Create | Villager (Male) |
| 3:20 | Create | Villager (Male) |
| 3:28 | Create | Villager (Male) |
| 3:28 | Create | Villager (Male) |
| 3:35 | Build | House |
| 3:39 | Create | Villager (Male) |
| 3:40 | Create | Villager (Male) |
| 3:54 | Create | Villager (Male) |
| 3:54 | Create | Villager (Male) |
| 4:27 | Build | Palisade Wall |
| 4:33 | Create | Villager (Male) |
| 4:33 | Create | Villager (Male) |
| 4:40 | Create | Villager (Male) |
| 4:40 | Create | Villager (Male) |
| 5:16 | Build | Lumber Camp |
| 5:27 | Create | Villager (Male) |
| 5:27 | Create | Villager (Male) |
| 5:46 | Build | House |
| 5:47 | Create | Villager (Male) |
| 5:57 | Create | Villager (Male) |
| 5:58 | Create | Villager (Male) |
| 6:01 | Build | Palisade Wall |
| 6:05 | Create | Villager (Male) |
| 6:05 | Create | Villager (Male) |
| 6:27 | Build | Palisade Wall |
| 6:28 | Create | Villager (Male) |
| 6:42 | Create | Villager (Male) |
| 6:57 | Build | Palisade Wall |
| 7:10 | Build | Mill |
| 7:12 | Create | Villager (Male) |
| 7:37 | Create | Villager (Male) |
| 7:54 | Build | Palisade Gate |
| 8:02 | Build | Palisade Gate |
| 8:04 | Build | House |
| 8:07 | Create | Villager (Male) |
| 8:07 | Create | Villager (Male) |
| 8:10 | Create | Villager (Male) |
| 8:20 | Build | Palisade Wall |
| 8:22 | Create | Villager (Male) |
| 8:27 | Build | House |
| 8:39 | Research | Loom |
| 8:48 | Create | Villager (Male) |
| 8:54 | Build | Palisade Wall |
| 8:56 | Build | Palisade Wall |
| 9:00 | Build | Palisade Wall |
| 9:04 | Create | Villager (Male) |
| 9:12 | Build | Farm |
| 9:17 | Build | Farm |
| 9:19 | Build | Farm |
| 9:22 | Create | Villager (Male) |
| 9:24 | Build | Farm |
| 9:37 | Research | Feudal Age |
| 9:45 | Build | House |
| 9:48 | Build | House |
| 9:50 | Build | House |
| 9:52 | Build | Palisade Wall |
| 9:54 | Build | House |
| 9:55 | Create | Villager (Male) |
| 9:57 | Build | House |
| 10:29 | Build | Palisade Wall |
| 10:50 | Build | Mining Camp |
| 10:57 | Build | Palisade Wall |
| 11:01 | Build | Palisade Wall |
| 11:28 | Build | House |
| 11:33 | Build | House |
| 12:02 | Create | Villager (Male) |
| 12:05 | Age | Feudal Age |
| 12:35 | Build | Barracks |
| 12:36 | Create | Villager (Male) |
| 12:57 | Create | Villager (Male) |
| 13:21 | Create | Villager (Male) |
| 13:45 | Create | Villager (Male) |
| 13:50 | Build | Archery Range |
| 13:51 | Create | Villager (Male) |
| 14:07 | Create | Villager (Male) |
| 14:19 | Build | Watch Tower |
| 14:21 | Build | House |
| 14:22 | Create | Villager (Male) |
| 14:28 | Build | Farm |
| 14:29 | Create | Villager (Male) |
| 14:51 | Create | Archer |
| 14:51 | Create | Archer |
| 15:16 | Create | Villager (Male) |
| 15:18 | Build | Blacksmith |
| 15:36 | Build | Palisade Wall |
| 15:37 | Build | Palisade Wall |
| 15:40 | Create | Archer |
| 16:12 | Create | Villager (Male) |
| 16:16 | Research | Castle Age |
| 16:28 | Build | Archery Range |
| 16:30 | Create | Archer |
| 16:32 | Research | Fletching |
| 16:33 | Research | Fletching |
| 16:55 | Research | Double-Bit Axe |
| 16:56 | Research | Double-Bit Axe |
| 16:56 | Create | Archer |
| 17:28 | Build | Lumber Camp |
| 17:36 | Create | Villager (Male) |
| 17:42 | Create | Archer |
| 17:42 | Create | Archer |
| 17:44 | Create | Archer |
| 17:44 | Create | Archer |
| 17:51 | Create | Archer |
| 17:51 | Create | Archer |
| 18:10 | Create | Archer |
| 18:10 | Create | Archer |
| 18:13 | Build | Farm |
| 18:17 | Build | Farm |
| 18:29 | Build | Palisade Gate |
| 18:43 | Build | Market |
| 18:56 | Age | Castle Age |
| 18:58 | Research | Crossbowman (upgrade) |
| 18:58 | Research | Crossbowman (upgrade) |
| 19:16 | Build | House |
| 19:32 | Create | Archer |
| 19:32 | Create | Archer |
| 19:32 | Create | Archer |
| 19:32 | Create | Archer |
| 19:34 | Create | Villager (Male) |
| 19:41 | Build | House |
| 20:03 | Research | Bodkin Arrow |
| 20:03 | Research | Bodkin Arrow |
| 20:05 | Create | Archer |
| 20:05 | Create | Archer |
| 20:10 | Build | University |
| 20:13 | Create | Archer |
| 20:13 | Create | Archer |
| 20:13 | Create | Archer |
| 20:15 | Create | Villager (Male) |
| 20:15 | Create | Villager (Male) |
| 20:29 | Build | Farm |
| 20:32 | Create | Archer |
| 21:25 | Create | Archer |
Build order — Kaydos
First 150 of 1101 actions detected
| 0:03 | Create | Villager (Male) |
| 0:04 | Create | Villager (Male) |
| 0:04 | Build | House |
| 0:06 | Build | House |
| 0:27 | Create | Villager (Male) |
| 0:28 | Create | Villager (Male) |
| 0:28 | Create | Villager (Male) |
| 0:28 | Create | Villager (Male) |
| 1:26 | Create | Villager (Male) |
| 1:26 | Create | Villager (Male) |
| 1:26 | Create | Villager (Male) |
| 1:58 | Create | Villager (Male) |
| 2:16 | Build | Lumber Camp |
| 2:25 | Create | Villager (Male) |
| 2:54 | Create | Villager (Male) |
| 3:22 | Create | Villager (Male) |
| 3:48 | Create | Villager (Male) |
| 3:48 | Create | Villager (Male) |
| 3:56 | Build | House |
| 4:30 | Create | Villager (Male) |
| 4:58 | Create | Villager (Male) |
| 5:29 | Create | Villager (Male) |
| 5:40 | Build | Barracks |
| 5:51 | Create | Villager (Male) |
| 6:11 | Create | Villager (Male) |
| 6:16 | Research | Loom |
| 6:42 | Build | House |
| 6:45 | Research | Feudal Age |
| 7:25 | Create | Militia |
| 7:25 | Create | Militia |
| 8:05 | Create | Militia |
| 8:16 | Build | Mill |
| 8:48 | Create | Villager (Male) |
| 8:55 | Age | Feudal Age |
| 8:57 | Research | Man-at-Arms (upgrade) |
| 9:03 | Research | Double-Bit Axe |
| 9:08 | Create | Villager (Male) |
| 9:34 | Build | House |
| 9:48 | Create | Villager (Male) |
| 10:11 | Create | Villager (Male) |
| 10:13 | Build | House |
| 10:16 | Build | Mining Camp |
| 10:22 | Create | Villager (Male) |
| 10:51 | Build | Archery Range |
| 11:00 | Create | Villager (Male) |
| 11:21 | Create | Villager (Male) |
| 11:52 | Create | Villager (Male) |
| 11:53 | Create | Archer |
| 11:58 | Build | Farm |
| 12:02 | Build | Blacksmith |
| 12:04 | Build | Farm |
| 12:19 | Create | Villager (Male) |
| 12:25 | Create | Archer |
| 12:35 | Build | Farm |
| 12:37 | Build | Farm |
| 12:39 | Create | Villager (Male) |
| 12:57 | Create | Villager (Male) |
| 12:58 | Build | Farm |
| 13:01 | Build | House |
| 13:21 | Create | Villager (Male) |
| 13:25 | Build | Farm |
| 13:29 | Create | Archer |
| 13:29 | Create | Archer |
| 13:54 | Build | House |
| 13:56 | Research | Fletching |
| 13:56 | Create | Villager (Male) |
| 14:15 | Research | Arson |
| 14:15 | Research | Arson |
| 14:19 | Create | Villager (Male) |
| 14:20 | Create | Archer |
| 14:23 | Build | Farm |
| 14:25 | Build | Farm |
| 14:27 | Build | House |
| 14:40 | Create | Villager (Male) |
| 14:41 | Create | Archer |
| 14:49 | Build | Farm |
| 14:53 | Build | Farm |
| 14:54 | Build | Farm |
| 15:06 | Build | House |
| 15:23 | Create | Villager (Male) |
| 15:35 | Build | Farm |
| 15:36 | Build | Farm |
| 15:41 | Create | Villager (Male) |
| 15:44 | Build | House |
| 15:51 | Create | Archer |
| 16:12 | Create | Villager (Male) |
| 16:22 | Build | Palisade Wall |
| 16:27 | Create | Archer |
| 16:27 | Create | Skirmisher |
| 17:16 | Research | Castle Age |
| 17:25 | Build | House |
| 17:34 | Build | House |
| 17:34 | Build | House |
| 17:58 | Create | Archer |
| 18:01 | Build | Archery Range |
| 18:05 | Build | House |
| 18:16 | Build | House |
| 18:17 | Build | House |
| 18:18 | Build | House |
| 18:18 | Build | House |
| 18:23 | Build | House |
| 18:24 | Build | House |
| 18:25 | Build | House |
| 18:31 | Build | House |
| 18:32 | Build | House |
| 18:33 | Build | House |
| 18:34 | Build | House |
| 18:42 | Create | Archer |
| 18:59 | Build | Market |
| 19:11 | Create | Archer |
| 19:16 | Build | House |
| 19:29 | Create | Archer |
| 19:52 | Create | Archer |
| 19:56 | Age | Castle Age |
| 19:59 | Research | Bodkin Arrow |
| 19:59 | Create | Villager (Male) |
| 20:14 | Create | Archer |
| 20:15 | Research | Crossbowman (upgrade) |
| 20:16 | Create | Villager (Male) |
| 20:28 | Build | House |
| 20:30 | Build | Gate |
| 20:32 | Create | Archer |
| 20:52 | Create | Archer |
| 20:52 | Create | Villager (Male) |
| 21:04 | Create | Archer |
| 21:22 | Create | Archer |
| 21:30 | Create | Archer |
| 21:30 | Create | Archer |
| 21:37 | Build | Town Center |
| 21:39 | Create | Archer |
| 21:41 | Create | Villager (Male) |
| 21:52 | Research | Padded Archer Armor |
| 22:03 | Create | Villager (Male) |
| 22:04 | Create | Villager (Male) |
| 22:08 | Create | Archer |
| 22:08 | Create | Archer |
| 22:15 | Create | Archer |
| 22:26 | Create | Villager (Male) |
| 22:37 | Build | Farm |
| 22:38 | Create | Villager (Male) |
| 22:40 | Create | Villager (Male) |
| 23:22 | Create | Archer |
| 23:26 | Create | Villager (Male) |
| 23:26 | Create | Villager (Male) |
| 23:27 | Build | Farm |
| 23:29 | Build | Farm |
| 23:31 | Create | Archer |
| 23:48 | Build | Town Center |
| 23:51 | Create | Archer |
| 23:51 | Create | Archer |
Match timeline
| 4:27 | Pato Lucas · wall_segment Palisade Wall x14 |
| 5:40 | Kaydos · first_building Barracks |
| 6:01 | Pato Lucas · wall_segment Palisade Wall x3 |
| 6:27 | Pato Lucas · wall_segment Palisade Wall x4 |
| 6:57 | Pato Lucas · wall_segment Palisade Wall x4 |
| 8:20 | Pato Lucas · wall_segment Palisade Wall x3 |
| 8:54 | Pato Lucas · wall_segment Palisade Wall x10 |
| 8:55 | Kaydos · age_up feudal |
| 8:56 | Pato Lucas · wall_segment Palisade Wall x7 |
| 9:00 | Pato Lucas · wall_segment Palisade Wall x8 |
| 9:52 | Pato Lucas · wall_segment Palisade Wall x1 |
| 10:29 | Pato Lucas · wall_segment Palisade Wall x1 |
| 10:51 | Kaydos · first_building Archery Range |
| 10:57 | Pato Lucas · wall_segment Palisade Wall x3 |
| 11:01 | Pato Lucas · wall_segment Palisade Wall x2 |
| 12:05 | Pato Lucas · age_up feudal |
| 12:35 | Pato Lucas · first_building Barracks |
| 13:50 | Pato Lucas · first_building Archery Range |
| 15:36 | Pato Lucas · wall_segment Palisade Wall x1 |
| 15:37 | Pato Lucas · wall_segment Palisade Wall x1 |
| 16:22 | Kaydos · wall_segment Palisade Wall x8 |
| 18:56 | Pato Lucas · age_up castle |
| 19:56 | Kaydos · age_up castle |
| 19:56 | Pato Lucas · first_market_buy 100 food |
| 20:11 | Kaydos · first_market_sell 100 food |
| 23:37 | Kaydos · first_market_buy 100 stone |
| 28:03 | Kaydos · first_building Siege Workshop |
| 32:12 | Pato Lucas · first_building Castle |
| 33:25 | Pato Lucas · first_market_sell 100 stone |
| 33:37 | Pato Lucas · first_building Siege Workshop |
| 35:55 | Kaydos · first_building Castle |
| 36:58 | Kaydos · age_up imperial |
| 37:32 | Pato Lucas · age_up imperial |
| 44:09 | Kaydos · first_building Monastery |
| 48:07 | Kaydos · first_building Stable |
| 74:36 | Pato Lucas · resign |
[ AI ANALYSIS · 1 CREDIT ]
What really happened in this match?
Wolo.gg analyzes every decision: build order, eco, micro, common mistakes by bracket. Personalized analysis on WhatsApp or Discord in 30 seconds.
Civ guide
Portuguese
Perfil
Pato Lucas